 Dungeon Crawl Stone Soup version 0.29-a0-617-g7a6b98fccd (webtiles) character file.

Game seed: 18074018320646787391

7 DocClef the Skirmisher (level 2, -1/20 HPs)
             Began as a Gargoyle Fighter on June 17, 2022.
             Slain by a goblin
             ... wielding a +0 dagger
              (3 damage)
             ... on level 1 of the Dungeon.
             The game lasted 00:00:17 (230 turns).

DocClef the Skirmisher (Gargoyle Fighter)            Turns: 230, Time: 00:00:17

Health: -1/20      AC: 10    Str: 19    XL:     2   Next: 0%
Magic:  2/2        EV:  9    Int:  8    God:
Gold:   0          SH:  4    Dex:  9    Spells: 1/1 levels left

rFire   . . .      SeeInvis .   a - +0 flail
rCold   . . .      Faith    .   c - +0 buckler
rNeg    + . .      Spirit   .   b - +0 scale mail
rPois   ∞          Reflect  .   (no helmet)
rElec   +          Harm     .   (no cloak)
rCorr   .          Rampage  .   (no gloves)
Will    .....                   g - +0 pair of boots
Stlth   ..........              (no amulet)
HPRegen 0.06/turn               (no ring)
MPRegen 0.08/turn               (no ring)

@: no status effects
A: sickness immunity, AC +2, negative energy resistance 1, electricity
resistance, torment resistance 1, petrification resistance
a: no special abilities


You were on level 1 of the Dungeon.
You visited 1 branch of the dungeon, and saw 1 of its levels.

Inventory:

Hand Weapons
 a - a +0 flail (weapon)
Armour
 b - a +0 scale mail (worn)
 c - a +0 buckler (worn)
 g - a +0 pair of boots (worn)
Scrolls
 f - a scroll of identify {unknown}
 h - a scroll of magic mapping {unknown}
Potions
 d - 2 potions of might
 e - a potion of brilliance {unknown}


   Skills:
 + Level 3.8 Fighting
 - Level 2.0 Maces & Flails
 - Level 3.2 Armour
 - Level 3.2 Shields


You had one spell level left.
You didn't know any spells.
Your spell library was empty.

Dungeon Overview and Level Annotations

Branches:
Dungeon (1/15)

Altars:


Innate Abilities, Weirdness & Mutations

You are immune to sickness and miasma.
Your stone body is resilient. (AC +2)
You are immune to poison.
You resist negative energy. (rN+)
You are resistant to electric shocks. (rElec)
You are resistant to unholy torment.
You are immune to petrification.


Message History

You thump the jackal!
You kill the jackal!
The jackal misses you. The jackal completely misses you.
You closely miss the ball python. The jackal closely misses you.
The jackal bites you but does no damage.
The ball python completely misses you. You block the ball python's attack.
The jackal bites you.
A goblin comes into view. It is wielding a +0 dagger.
You closely miss the ball python. The ball python bites you.
The ball python barely misses you.
The jackal bites you but does no damage.
The jackal barely misses you. The jackal completely misses you.
The ball python barely misses you. You block the ball python's attack.
The jackal bites you. The jackal barely misses you. The jackal bites you.
* * * LOW HITPOINT WARNING * * *
The jackal barely misses you. x2
You barely miss the jackal.
The jackal bites you but does no damage. x2
You barely miss the jackal. The jackal completely misses you.
The jackal bites you but does no damage.
You sock the jackal!
You kill the jackal!
The jackal bites you but does no damage.
You hit the jackal.
You kill the jackal!
The jackal bites you but does no damage.
You hit the jackal but do no damage. The jackal bites you.
* * * LOW HITPOINT WARNING * * *
The jackal bites you but does no damage.
You closely miss the jackal.
The jackal bites you but does no damage.
The jackal completely misses you.
You sock the jackal!
You kill the jackal!
The goblin hits you but does no damage.
You have reached level 2!
You miss the goblin. The goblin closely misses you.
You hit the goblin but do no damage. The goblin barely misses you.
You barely miss the goblin. The goblin hits you with a +0 dagger.
You die...

###.# ##....#
#.# #..#>.#
#.# #.###.# .
#.# #..#..#
....###.###
##...##
......S...#
##.##
..g.$...#S#
#.#
#########g#
#.# #@# #.#
#.# #.# #.#
#.# #.# #.#
#.# #.#
#.#########.#
#...........#
#############


You could see a goblin and a ball python.

Vanquished Creatures
  A goblin (D:1)
  4 jackals (D:1)
5 creatures vanquished.

Notes
Turn   | Place    | Note
-------+----------+-------------------------------------------
     0 | D:1      | DocClef the Gargoyle Fighter began the quest for the Orb.
     0 | D:1      | Reached XP level 1. HP: 14/14 MP: 1/1
   228 | D:1      | Reached XP level 2. HP: 2/20 MP: 2/2
   230 | D:1      | Slain by a goblin

Illustrated notes

Levels and vault maps discovered:
D:1:      ebering_trefoil_twist, layout_loops_ring

Action                   || total
-------------------------++-------
Melee: Flail             ||    27
Armor: Scale mail        ||    18
Dodge: Dodged            ||    18
Block: Buckler           ||     9

Table legend: (Time is in decaauts)
 A = Elapsed time spent in this place.
 B = Non-inter-level travel time spent in this place.
 C = Inter-level travel time spent in this place.
 D = Time resting spent in this place.
 E = Time spent auto-exploring this place.
 F = Levels seen in this place.
 G = Mean time per level.
                   A        B        C        D        E       F      G
               +--------+--------+--------+--------+--------+-----+--------+
         Total |    238 |    217 |     21 |      0 |    162 |   1 |  238.0 |
       Dungeon |    238 |    217 |     21 |      0 |    162 |   1 |  238.0 |
               +--------+--------+--------+--------+--------+-----+--------+

Top non-repeatable levels by time:
     D:1: 238 daAuts
